 Dungeon Crawl Stone Soup version 0.29-a0-356-g7bc237e783 (webtiles) character file.

Game seed: 11395505761387841050

2 HendSelp the Shield-Bearer (level 1, 0/18 HPs)
             Began as a Formicid Fighter on Apr 26, 2022.
             Slain by a frilled lizard (1 damage)
             ... on level 1 of the Dungeon.
             The game lasted 00:00:21 (25 turns).

HendSelp the Shield-Bearer (Formicid Fighter)         Turns: 25, Time: 00:00:21

Health: 0/18       AC:  6    Str: 20    XL:     1   Next: 44%
Magic:  1/1        EV:  9    Int:  7    God:
Gold:   0          SH:  4    Dex: 10    Spells: 0/0 levels left

rFire   . . .      SeeInvis +   a - +0 flail
rCold   . . .      Faith    .   c - +0 buckler
rNeg    . . .      Spirit   .   b - +0 scale mail
rPois   .          Reflect  .   (helmet unavailable)
rElec   .          Harm     .   (no cloak)
rCorr   .          Rampage  .   (no gloves)
Will    .....                   (no boots)
Stlth   ..........              (no amulet)
HPRegen 0.06/turn               (no ring)
MPRegen 0.07/turn               (no ring)

@: no status effects
A: permanent stasis, dig shafts and tunnels, antennae 3, four strong arms
a: Dig, Shaft Self


You were on level 1 of the Dungeon.
You visited 1 branch of the dungeon, and saw 1 of its levels.

Inventory:

Hand Weapons
 a - a +0 flail (weapon)
Armour
 b - a +0 scale mail (worn)
 c - a +0 buckler (worn)
Potions
 d - a potion of might


   Skills:
 + Level 3.3 Fighting
 + Level 2.0 Maces & Flails
 + Level 3.3 Armour
 + Level 3.7 Shields


You couldn't memorise any spells.
You didn't know any spells.
Your spell library was empty.

Dungeon Overview and Level Annotations

Branches:
Dungeon (1/15)

Altars:


Innate Abilities, Weirdness & Mutations

You cannot be hasted, slowed, berserked, paralysed or teleported.
You can dig through walls and to a lower floor.
You have a pair of large antennae on your head. (SInv)
Your four strong arms can wield two-handed weapons with a shield.


Message History

You are too injured to fight recklessly!
You are too injured to fight recklessly!
You are too injured to fight recklessly!
You are too injured to fight recklessly!
You are too injured to fight recklessly!
You are too injured to fight recklessly!
The kobold attacks as you move away! The kobold hits you but does no damage.
You barely miss the frilled lizard. The frilled lizard barely misses you.
The kobold hits you with a +0 short sword.
You closely miss the kobold. The frilled lizard barely misses you.
The kobold hits you but does no damage.
There are monsters nearby!
You sock the kobold!
You kill the kobold!
The frilled lizard bites you but does no damage. x2
The goblin barely misses you.
Unknown command.
You hit the goblin.
The goblin is moderately wounded.
The frilled lizard bites you.
* * * LOW HITPOINT WARNING * * *
You block the goblin's attack.
Unknown command.
You thump the goblin!
You kill the goblin!
You block the frilled lizard's attack.
Unknown command.
Unknown command.
The frilled lizard bites you but does no damage.
Things that are here:
a +0 dagger; a +0 short sword; a kobold corpse You closely miss the frilled lizard.
The frilled lizard bites you but does no damage.
The frilled lizard bites you.
* * * LOW HITPOINT WARNING * * *
You completely miss the frilled lizard. The frilled lizard barely misses you.
You barely miss the frilled lizard. The frilled lizard bites you.
* * * LOW HITPOINT WARNING * * *
You barely miss the frilled lizard. The frilled lizard bites you.
You die...

. ... ## #.#. ..
#.. #.#. .#....
.. #...# #.#....
... #... .......
...###..##.......
..........!......
.......#l@#
..........#
####...###
#.....(.#
#.≈...≈§#
#.≈...≈§#
#.≈§..§.#
#§§§<.≈§#
#§≈§..≈.#


You could see a frilled lizard.

Vanquished Creatures
  A goblin (D:1)
  A ball python (D:1)
  A kobold (D:1)
3 creatures vanquished.

Notes
Turn   | Place    | Note
-------+----------+-------------------------------------------
     0 | D:1      | HendSelp the Formicid Fighter began the quest for the Orb.
     0 | D:1      | Reached XP level 1. HP: 18/18 MP: 1/1
    25 | D:1      | Slain by a frilled lizard

Illustrated notes

Levels and vault maps discovered:
D:1:      dreamdust_arrival_sigmund_warning, layout_rooms,
          hellmonk_ecumenical_altar_pennies_from_heaven, minmay_fountain_box

Action                   || total
-------------------------++-------
Melee: Flail             ||    13
Armor: Scale mail        ||     8
Dodge: Dodged            ||     7
Block: Buckler           ||     4

Table legend: (Time is in decaauts)
 A = Elapsed time spent in this place.
 B = Non-inter-level travel time spent in this place.
 C = Inter-level travel time spent in this place.
 D = Time resting spent in this place.
 E = Time spent auto-exploring this place.
 F = Levels seen in this place.
 G = Mean time per level.
                   A        B        C        D        E       F      G
               +--------+--------+--------+--------+--------+-----+--------+
         Total |     28 |     28 |      0 |      0 |      5 |   1 |   28.0 |
       Dungeon |     28 |     28 |      0 |      0 |      5 |   1 |   28.0 |
               +--------+--------+--------+--------+--------+-----+--------+

Top non-repeatable levels by time:
     D:1: 28 daAuts
